Map: Automaton LE

Players

Drake - Winner!

  • Race: Zerg Zerg
  • League: Diamond
  • Spawn Location: 9:00

kramola

  • Race: Terran Terran
  • League: Diamond
  • Spawn Location: 3:00

VOD

Have the link to the VOD?

Description

Time

  • Played on: March 30, 2019, 6:43 a.m.
  • Length: 13:10
Show
View Real Time Build Order
Export as new Build Order

Drake Zerg - Winner!

Build Orders: Hatch First 

Get SALT Encoding   

  12  0:02  Drone  
  13  0:18  Drone  
  13  0:19  Overlord  
  14  0:38  Drone x2  
  14  0:40  Drone  
  17  0:56  Hatchery  
  16  1:00  Drone  
  16  1:01  Drone  
  18  1:14  Extractor  
  18  1:16  Spawning Pool  
  16  1:20  Drone  
  16  1:23  Drone  
  18  1:33  Drone  
  19  1:55  Drone  
  20  2:10  Zergling x4  
  20  2:11  Queen x2  
  20  2:15  Drone  
  27  2:20  Hatchery  
  26  2:27  Overlord  
  26  2:28  Drone  
  27  2:35  Metabolic Boost  
  27  2:48  Zergling x2  
  28  2:53  Overlord  
  28  2:54  Overlord  
  28  3:12  Drone  
  29  3:13  Drone x5  
  32  3:40  Drone x6  
  32  3:41  Queen x3  
  43  3:57  Baneling Nest  
  43  3:58  Drone  
  43  4:01  Drone x2  
  43  4:02  Overlord  
  45  4:03  Zergling x4  
  47  4:21  Evolution Chamber  
  47  4:23  Evolution Chamber  
  45  4:24  Overlord  
  45  4:25  Overlord  
  45  4:27  Drone x2  
  45  4:31  Drone, Extractor x2  
  47  4:32  Drone x3  
  47  4:33  Drone x3  
  47  4:37  Drone  
  47  4:38  Extractor  
  52  4:49  Drone x3  
  52  4:52  Zerg Melee Weapons Level 1  
  50  5:06  Zergling x2  
  50  5:07  Zergling x12  
  53  5:14  Drone  
  53  5:15  Drone x4  
  53  5:16  Drone  
  59  5:21  Drone  
  59  5:23  Zerg Ground Armor Level 1  
  59  5:26  Drone  
  59  5:27  Drone  
  62  5:41  Drone x7  
  69  5:48  Drone  
  69  5:49  Spore Crawler  
  69  5:54  Lair  
  69  5:56  Drone x3  
  72  6:00  Overlord  
  72  6:07  Spore Crawler  
  71  6:13  Drone, Spore Crawler  
  71  6:21  Pneumatized Carapace  
  71  6:24  Queen  
  73  6:27  Drone x5  
  73  6:28  Drone x4  
  73  6:30  Extractor  
  81  6:32  Extractor  
  81  6:33  Drone x2, Overlord  
  81  6:35  Overlord  
  82  6:53  Overseer  
  82  6:54  Overlord  
  82  6:55  Overlord  
  82  6:56  Zerg Melee Weapons Level 2  
  82  6:59  Centrifical Hooks  
  82  7:07  Drone x2  
  84  7:08  Drone x2  
  84  7:09  Drone, Overlord  
  84  7:10  Overlord  
  87  7:28  Queen x2  
  87  7:29  Queen  
  86  7:43  Hydralisk Den  
  83  7:48  Zerg Ground Armor Level 2  
  80  7:54  Drone x3  
  80  7:55  Drone  
  80  7:56  Drone x3  
  86  8:04  Queen x2  
  86  8:05  Drone  
  91  8:15  Extractor x2  
  91  8:16  Hatchery  
  91  8:17  Overseer  
  91  8:18  Overseer  
  88  8:21  Drone, Queen  
  88  8:22  Hydralisk  
  88  8:23  Hydralisk x11  
  113  8:39  Grooved Spines  
  113  8:40  Queen x2  
  111  8:57  Queen  
  110  9:15  Queen  
  110  9:16  Hydralisk x10  
  114  9:20  Overlord  
  114  9:22  Extractor  
  114  9:24  Overlord  
  127  9:25  Overlord x3  
  120  9:34  Drone, Spire  
  108  9:46  Hydralisk x3  
  108  9:47  Hydralisk x9  
  128  10:12  Drone x2  
  128  10:13  Drone x2  
  128  10:14  Drone x2  
  134  10:15  Drone x6  
  134  10:16  Drone x2  
  134  10:17  Overlord x2  
  142  10:29  Baneling x11  
  142  10:30  Baneling  
  142  10:35  Muscular Augments  
  141  10:49  Corruptor  
  135  10:50  Corruptor x6  
  135  10:53  Drone x8  
  135  10:54  Drone  
  136  11:33  Corruptor x10  
  146  11:41  Queen x3  
  148  11:53  Corruptor  
  148  11:54  Corruptor x4  
  154  12:18  Corruptor  
  154  12:19  Corruptor x10  
  174  12:27  Drone x2  
  168  12:51  Drone x3  
Show
View Real Time Build Order
Export as new Build Order

kramola Terran 

Build Orders: Liberator Opening 

Get SALT Encoding   

  12  0:01  SCV  
  13  0:14  Refinery  
  13  0:16  SCV  
  14  0:31  Supply Depot  
  14  0:33  SCV  
  15  0:42  Refinery  
  15  0:53  SCV  
  16  0:57  Barracks  
  16  1:05  SCV  
  17  1:17  SCV  
  18  1:29  SCV  
  19  1:44  Marine  
  19  1:45  Supply Depot  
  20  1:47  Orbital Command  
  20  2:06  Factory  
  20  2:09  Marine  
  21  2:16  SCV  
  22  2:25  Bunker  
  22  2:56  Supply Depot  
  22  3:19  Starport  
  22  3:21  SCV  
  22  3:33  SCV  
  22  3:34  Marine  
  22  3:36  Widow Mine  
  25  3:42  Liberator  
  25  3:45  SCV  
  26  3:57  SCV  
  26  3:59  Command Center  
  30  4:07  Marine  
  31  4:22  SCV  
  32  4:31  Marine  
  33  4:34  SCV  
  34  4:43  Fusion Core  
  34  4:45  Starport Tech Lab  
  34  5:06  Engineering Bay  
  34  5:21  Starport  
  34  5:33  Planetary Fortress  
  34  5:36  SCV  
  34  5:38  Marine  
  34  5:42  Bunker  
  36  5:43  Weapon Refit  
  36  5:48  SCV  
  37  5:53  Supply Depot, Widow Mine, Bunker  
  37  5:56  Supply Depot  
  39  6:00  SCV  
  39  6:02  Starport Tech Lab  
  39  6:03  Battlecruiser  
  46  6:11  SCV  
  47  6:12  SCV  
  47  6:16  Supply Depot  
  48  6:23  SCV  
  48  6:24  SCV, Refinery  
  50  6:36  SCV  
  48  6:45  SCV  
  49  6:48  Battlecruiser, SCV  
  56  6:58  SCV  
  56  7:00  Supply Depot x2  
  57  7:04  SCV  
  58  7:10  SCV  
  58  7:12  Command Center  
  59  7:16  SCV  
  59  7:22  SCV  
  61  7:29  SCV  
  62  7:50  Battlecruiser  
  68  8:06  Battlecruiser  
  68  8:08  SCV  
  68  8:12  SCV, Refinery  
  76  8:21  SCV  
  76  8:25  SCV  
  78  8:33  SCV  
  79  8:37  SCV  
  80  8:45  SCV  
  81  8:49  SCV  
  81  8:55  Battlecruiser  
  82  8:57  SCV  
  82  9:01  SCV  
  84  9:09  SCV  
  85  9:13  SCV  
  86  9:21  SCV  
  87  9:25  SCV  
  82  10:00  SCV x2  
  84  10:12  SCV  
  85  10:14  Supply Depot  
  85  10:15  Supply Depot  
  85  10:18  Supply Depot  
  67  11:26  SCV x2  
  69  11:38  SCV x2  
  59  12:00  Missile Turret  
  59  12:01  Missile Turret  
  59  12:03  Hi-Sec Auto Tracking  
  59  12:05  Planetary Fortress  
  64  12:37  Supply Depot  
  64  12:42  Missile Turret  
  64  12:45  Missile Turret  
  64  12:57  Missile Turret  
Tags
 
Add a new tag
Caveats
  • Supply blocks, unpowered buildings, or Contaminate may cause inaccurate times.
  • Supply counts are checked every 10 seconds.